 Dungeon Crawl Stone Soup version 0.28.0-53-g5a82cb258f (webtiles) character file.

Game seed: 1470636820544850791

35 MiltankisOP the Grave Robber (level 3, 16/28 HPs)
             Began as a Deep Dwarf Necromancer on June 14, 2022.
             Quit the game on level 1 of the Dungeon.
             The game lasted 00:02:57 (914 turns).

MiltankisOP the Grave Robber (DDNe)                  Turns: 914, Time: 00:02:58

Health: 16/28      AC:  2    Str: 11    XL:     3   Next: 17%
Magic:  6/6        EV: 12    Int: 17    God:
Gold:   52         SH:  0    Dex: 13    Spells: 5/6 levels left

rFire   . . .      SeeInvis .   (no weapon)
rCold   . . .      Faith    .   (no shield)
rNeg    . . .      Spirit   .   a - +0 robe
rPois   .          Reflect  .   (no helmet)
rElec   .          Harm     .   (no cloak)
rCorr   .          Rampage  .   (no gloves)
Will    .....                   (no boots)
Stlth   ++........              (no amulet)
HPRegen 0.00/turn               (no ring)
MPRegen 0.10/turn               (no ring)

@: no status effects
A: damage resistance, heal wounds, sense surroundings 1, no regeneration
a: Heal Wounds


You were on level 1 of the Dungeon.
You visited 1 branch of the dungeon, and saw 1 of its levels.

You collected 52 gold pieces.

Inventory:

Armour
 a - a +0 robe (worn)
Jewellery
 d - a ring of resist corrosion
Scrolls
 b - 2 scrolls of teleportation {unknown}
 e - a scroll of fog {unknown}
Potions
 c - a potion of lignification {unknown}


   Skills:
 - Level 2.7 Dodging
 - Level 3.0 Stealth
 + Level 2.2 Spellcasting
 + Level 4.7 Necromancy


You had 5 spell levels left.
You knew the following spells:

 Your Spells              Type           Power      Damage    Failure   Level
a - Pain                  Necr           72%        1d7       2%          1

Your spell library contained the following spells:

 Spells                   Type           Power      Damage    Failure   Level
 Animate Skeleton         Necr           36%        N/A       2%          1
 Vampiric Draining        Necr           18%        2d7       8%          3
 Animate Dead             Necr           9%         N/A       26%         4
 Agony                    Necr           18%        N/A       58%         5


Dungeon Overview and Level Annotations

Branches:
Dungeon (1/15)

Altars:

Shops:
D:1 *==


Innate Abilities, Weirdness & Mutations

You are resistant to damage.
You can heal yourself by infusing magical energy.
You passively map a small area around you.
You do not regenerate.


Message History

You kill the hobgoblin!
Casting: Pain (safe; 2% risk of failure)
Confirm with . or Enter, or press ? or * to list all spells.
You can't see any susceptible monsters within range! (Use Z to cast anyway.) No target in view!
Casting: Pain (safe; 2% risk of failure)
Confirm with . or Enter, or press ? or * to list all spells.
Aiming: Pain (safe; 2% risk of failure)
Press: ? - help, Shift-Dir - straight line, f - endoplasm
Aim: an endoplasm (chance to affect: 88%)
The endoplasm writhes in agony.
Casting: Pain (safe; 2% risk of failure)
Confirm with . or Enter, or press ? or * to list all spells.
Aiming: Pain (safe; 2% risk of failure)
Press: ? - help, Shift-Dir - straight line, f/p - endoplasm
Aim: an endoplasm (lightly wounded, chance to affect: 88%)
The endoplasm writhes in agony.
You kill the endoplasm!
Found Ile Ubb's Jewellery Boutique.
There is an entrance to Ile Ubb's Jewellery Boutique here.
Found a robe.
b - 2 scrolls labelled CONKEI KADOBOO (gained 1)
You open the door.
There is a stone staircase leading down here.
Found a stone staircase leading down.
e - a scroll labelled GEH ZA BEUVVAY You open the door.
Found Fijud's Jewellery Shoppe.
There is an open door here.
There is an entrance to Fijud's Jewellery Shoppe here.
There is an open door here.
You see here a hobgoblin corpse.
You see here 14 stones.
There is an open door here.
You see here a +0 short sword.
Done exploring.
Done exploring.
Done exploring.
Unknown command.
Are you sure you want to abandon this character and quit the game? (Confirm with "yes".)

#..........# #.
####.##.#.....# #.
#[......#.....# #.
#.##.#..####### #.
#.##.#..# ##
#.##.#..#
#.##.#############
#.##..............
#@............####
############.##
#############.#
#.............#
###############


There were no monsters in sight!

Vanquished Creatures
  A dart slug (D:1)
  4 ball pythons (D:1)
  5 bats (D:1)
  2 endoplasms (D:1)
  4 giant cockroaches (D:1)
  A goblin (D:1)
  3 hobgoblins (D:1)
  3 jackals (D:1)
  A quokka (D:1)
  4 kobolds (D:1)
  A rat (D:1)
29 creatures vanquished.

Vanquished Creatures (others)
  A ghoul (D:1)
  An octopode (D:1)
  A vine stalker (D:1)
  A merfolk (D:1)
  A formicid (D:1)
  3 humans (D:1)
  2 mummies (D:1)
  A gnoll (D:1)
  An orc (D:1)
  5 tentacles (D:1)
17 creatures vanquished.

Grand Total: 46 creatures vanquished

Notes
Turn   | Place    | Note
-------+----------+-------------------------------------------
     0 | D:1      | MiltankisOP the Deep Dwarf Necromancer began the quest for
                  | the Orb.
     0 | D:1      | Reached XP level 1. HP: 15/15 MP: 3/3
     0 | D:1      | Noticed a human
     0 | D:1      | Noticed a human
     0 | D:1      | Noticed a vine stalker
     0 | D:1      | Noticed a merfolk
     0 | D:1      | Noticed a ghoul
     0 | D:1      | Noticed an octopode
     0 | D:1      | Noticed a kraken
     0 | D:1      | Noticed a formicid
     0 | D:1      | Noticed a human
     4 | D:1      | Killed a vine stalker
     5 | D:1      | Killed a human
     6 | D:1      | Killed a merfolk
     7 | D:1      | Killed a formicid
     9 | D:1      | Killed a human
    10 | D:1      | Killed a human
    10 | D:1      | Killed a ghoul
    10 | D:1      | Killed an octopode
   136 | D:1      | Reached XP level 2. HP: 22/22 MP: 1/4
   404 | D:1      | Found Kymupn's Assorted Antiques.
   550 | D:1      | Reached XP level 3. HP: 16/28 MP: 4/6
   708 | D:1      | Found Ile Ubb's Jewellery Boutique.
   834 | D:1      | Found Fijud's Jewellery Shoppe.
   914 | D:1      | Quit the game

Illustrated notes

Levels and vault maps discovered:
D:1:      nicolae_arrival_kraken_aquarium_a, layout_basic, serial_shops,
          nicolae_shop_hallway_plus, shop, shop

Skill      XL: |  1  2 |
---------------+-------+-----
Spellcasting   | 2 |  2.2
Stealth        | 3 |  3.0
Dodging        | |  2.7
Necromancy     | |  4.7

Action                   || total
-------------------------++-------
Melee: Unarmed           ||    70
       Punch             ||     1
 Cast: Pain              ||    40
Armor: Robe              ||    14
Dodge: Dodged            ||    60
